 Dungeon Crawl Stone Soup version 0.30-a0-782-ge64f9170bb (webtiles) character file.

Game seed: 8110791827229554704

522 M4edhros the Ducker (level 7, -1/50 HPs)
             Began as an Octopode Artificer on Feb 27, 2023.
             Slain by a wight
             ... wielding a +3 short sword of freezing
              (9 damage)
             ... on level 6 of the Dungeon.
             The game lasted 00:05:09 (1185 turns).

M4edhros the Ducker (Octopode Artificer)            Turns: 1185, Time: 00:05:10

Health: -1/50      AC:  1    Str: 11    XL:     7   Next: 22%
Magic:  7/7        EV: 15    Int: 13    God:
Gold:   104        SH:  0    Dex: 15    Spells: 6/6 levels left

rFire   . . .      SeeInvis .    (no weapon)
rCold   . . .      Faith    .    (no shield)
rNeg    . . .      Spirit   .    (helmet restricted)
rPois   .          Reflect  .    (no amulet)
rElec   .          Harm     .    (no ring)
rCorr   .          Rampage  .    (no ring)
Will    .....                    (no ring)
Stlth   +++                      (no ring)
HPRegen 0.28/turn                (no ring)
MPRegen 0.10/turn                (no ring)
                                 (no ring)
                                 (no ring)

@: no status effects
A: almost no armour, amphibious, 8 rings, camouflage 1, gelatinous body 1,
(nimble swimmer 1), tentacles
a: no special abilities


You were on level 6 of the Dungeon.
You visited 1 branch of the dungeon, and saw 6 of its levels.
You also visited: Sewer.

You collected 104 gold pieces.

Inventory:

Missiles
 g - 4 javelins
 h - 8 poisoned darts
Wands
 b - a wand of flame (10) (quivered)
 c - a wand of charming (4)
 d - a wand of iceblast (4)
 i - a wand of digging (3)
Scrolls
 a - a scroll of noise {unknown}
 e - 5 scrolls of teleportation {unknown}
 j - 2 scrolls of identify {unknown}
 m - a scroll of poison {unknown}
Potions
 f - a potion of curing {unknown}
 k - a potion of resistance {unknown}
 l - a potion of flight {unknown}
 n - a potion of invisibility {unknown}
 o - a potion of degeneration {unknown}
Miscellaneous
 p - a piece from Xom's chessboard (15/15)


   Skills:
 + Level 5.2 Fighting
 + Level 5.7 Dodging
 - Level 1.3 Stealth
 - Level 3.2 Evocations


You had 6 spell levels left.
You didn't know any spells.
Your spell library contained the following spells:

 Spells                   Type           Power      Damage    Failure   Level
 Magic Dart               Conj           0%         1d3       30%         1
 Call Imp                 Summ           0%         N/A       43%         2
 Mephitic Cloud           Conj/Pois/Air  0%         N/A       67%         3


Dungeon Overview and Level Annotations

Branches:
Dungeon (6/15)              Sewer (visited)
 Temple: D:4-7

Altars:
Wu Jian

Annotations:
D:3 Grinder


Innate Abilities, Weirdness & Mutations

You cannot wear most types of armour.
You are amphibious.
You can wear up to eight rings at the same time.
Your skin changes colour to match your surroundings (Stealth+).
Your rubbery body absorbs attacks. (AC +1, EV +1)
((You are camouflaged when in or above water. (Stealth+)))
You have tentacles for arms and can constrict up to eight enemies at once.


Message History

You tentacle-slap the wight. You grab the wight. You squeeze the wight.
The wight is lightly damaged.
You constrict the wight, but do no damage. x2
Your wight hits the wight from afar with a +0 trident.
The wight misses you.
Your wight hits the wight with a +1 dire flail!
The wight is destroyed!
The wight hits your wight but does no damage.
Your life force feels restored.
You tentacle-slap the wight.
The wight is moderately damaged.
You constrict the wight, but do no damage.
Your wight hits the wight with a +0 trident.
The wight hits you with a +3 scimitar!
The wight hits your wight with a +0 mace.
Your wight hits the wight with a +1 dire flail!
You release your grip on the wight.
The wight barely misses your wight. The wight closely misses you.
Your wight barely misses the wight.
Your wight hits the wight but does no damage.
Things that are here:
a +3 flail; a +0 robe Welcome back, M4edhros the Octopode Artificer.
Press ? for a list of commands and other information.
Okay, then.
Okay, then.
You barely miss the wight. You grab the wight.
The wight is heavily damaged.
You constrict the wight, but do no damage.
The wight barely misses you. The wight closely misses your wight.
Your wight completely misses the wight.
The wight hits you with a +0 mace!
* * * LOW HITPOINT WARNING * * *
Your wight hits the wight with a +0 trident.
Okay, then.
Aiming: Charm
Press: ? - help, Shift-Dir - straight line, f - wight
Aim: a wight, wielding a +3 short sword of freezing and wearing a +0 robe (chance to affect: 57%)
The wight resists with significant effort.
You constrict the wight.
The wight hits you with a +3 short sword of freezing!
You die...

..... ......... ......
......./.
#.....##......#
.#.............##
................##.
#....#...........
##......(........##
....#...zz........##
.......@zz....>....#
.......z..#........##.
.#..#.....#...........
##.#.........<.#....
#.....?.............
........#......#.....
.....#..#......# ..#.
..............#......
.z.....##.....#......


You could see 3 wights and 2 friendly wights.

Vanquished Creatures
  A black bear (D:4)
  A necrophage (D:5)
  A howler monkey (D:4)
  2 hounds (D:5)
  An iguana (D:4)
  9 adders
  A river rat (Sewer)
  3 dart slugs
  An orc (D:3)
  5 ball pythons
  2 endoplasms
  5 giant cockroaches (D:4)
  A goblin (D:4)
  2 hobgoblins (D:3)
  A jackal (D:4)
  3 quokkas
  8 frilled lizards (Sewer)
  2 rats
49 creatures vanquished.

Vanquished Creatures (collateral kills)
  2 wights (D:6)
  A giant cockroach (D:4)
  A ball python (D:4)
4 creatures vanquished.

Vanquished Creatures (others)
  An adder (D:4)
  A goblin (D:3)
2 creatures vanquished.

Grand Total: 55 creatures vanquished

Notes
Turn   | Place    | Note
-------+----------+-------------------------------------------
     0 | D:1      | M4edhros the Octopode Artificer began the quest for the
                  | Orb.
     0 | D:1      | Reached XP level 1. HP: 13/13 MP: 1/1
   175 | D:3      | Noticed Grinder
   188 | D:3      | Found an ornate altar of the Wu Jian Council.
   211 | D:3      | Reached XP level 2. HP: 8/18 MP: 2/2
   295 | D:4      | Noticed a howler monkey
   301 | D:4      | Killed a howler monkey
   302 | D:4      | Reached XP level 3. HP: 24/25 MP: 3/3
   302 | D:4      | Reached XP level 4. HP: 29/30 MP: 4/4
   543 | D:4      | Reached XP level 5. HP: 31/36 MP: 5/5
   627 | D:4      | Noticed a black bear
   631 | D:4      | Killed a black bear
   632 | D:4      | Reached XP level 6. HP: 33/43 MP: 6/6
   654 | D:4      | Found a glowing drain.
   683 | Sewer    | Entered a sewer
   800 | Sewer    | Reached skill level 5 in Dodging
   999 | D:5      | Entered Level 5 of the Dungeon
  1179 | D:6      | Reached skill level 5 in Fighting
  1179 | D:6      | Reached XP level 7. HP: 50/50 MP: 7/7
  1185 | D:6      | Slain by a wight

Illustrated notes

Levels and vault maps discovered:
D:1:      heliophobic_arrival_henge, layout_loops_ring, roderic_filled_cross,
          lexackson_kobold_supper
D:2:      layout_loops_ring, basic_altar, uniq_robin
D:3:      layout_loops_ring, nicolae_wu_jian_wuxing_cycle, goddamned_bats,
          uniq_grinder
D:4:      layout_basic, portal_sewer_entry_f, wad_orctagon
D:5:      layout_loops_corners, nicolae_elyvilon_peaceful_grove,
          kennysheep_little_box, serial_shops, shop, hellmonk_bongcloud_opening
D:6:      layout_cave_pools, mainiacjoe_overflow_chevrons,
          minmay_temple_entry_large_hall

Skill      XL: |  1  2  3  4  5  6 |
---------------+-------------------+-----
Fighting       | 2 3 4 5 |  5.2
Dodging        | 3 4 5 |  5.7
Stealth        | |  1.3
Evocations     | |  3.2

Action                     |  1- 3 |  4- 6 |  7- 9 || total
---------------------------+-------+-------+-------++-------
  Melee: Unarmed           |    23 |   131 |     4 ||   158
         Tentacles         |     6 |    38 |     1 ||    45
         Constrict         |     6 |    34 |     3 ||    43
  Evoke: Wand              |     5 |    10 |     2 ||    17
   Stab: Sleeping          |       |     5 |       ||     5
         Distracted        |       |     1 |       ||     1
 Armour: Skin              |     2 |    10 |       ||    12
  Dodge: Dodged            |    15 |    94 |     4 ||   113

Table legend: (Time is in decaauts)
 A = Elapsed time spent in this place.
 B = Non-inter-level travel time spent in this place.
 C = Inter-level travel time spent in this place.
 D = Time resting spent in this place.
 E = Time spent auto-exploring this place.
 F = Levels seen in this place.
 G = Mean time per level.
                   A        B        C        D        E       F      G
               +--------+--------+--------+--------+--------+-----+--------+
         Total |   1184 |   1089 |     95 |     50 |    115 |   7 |  169.1 |
       Dungeon |    902 |    807 |     95 |     50 |    115 |   6 |  150.3 |
         Sewer |    281 |    281 |      0 |      0 |      0 |   1 |  281.0 |
               +--------+--------+--------+--------+--------+-----+--------+

Top non-repeatable levels by time:
     D:4: 421 daAuts
   Sewer: 281 daAuts
     D:3: 159 daAuts
     D:5: 155 daAuts
     D:1: 73 daAuts
     D:2: 61 daAuts
     D:6: 31 daAuts
